 Dungeon Crawl Stone Soup version 0.21-a0-241-g2cbab09 (webtiles) character file.

2918 undad the Covert (level 9, -2/61 HPs)
             Began as an Octopode Wizard on Sept 3, 2017.
             Was an Initiate of Cheibriados.
             Slain by a basilisk (18 damage)
             ... on level 8 of the Dungeon.
             The game lasted 00:29:33 (13684 turns).

undad the Covert (Octopode Wizard)                 Turns: 13684, Time: 00:29:33

Health: -2/61      AC:  1    Str:  9      XL:     9   Next: 79%
Magic:  15/27      EV: 14    Int: 23      God:    Cheibriados [......]
Gold:   383        SH:  0    Dex:  8 (11) Spells: 3/20 levels left

rFire    . . .     SeeInvis +   i - +0 dagger
rCold    . . .     Gourm    .   (no shield)
rNeg     . . .     Faith    .   a - +0 hat
rPois    .         Spirit   .   B - amulet of regeneration
rElec    .         Reflect  .   k - ring of magical power
rCorr    .         Harm     .   (no ring)
MR       .....                  E - ring of see invisible
Stlth    +++++.....             (no ring)
HPRegen  0.60/turn              (no ring)
MPRegen  0.20/turn              (no ring)
                                (no ring)
                                (no ring)

@: very slow
A: almost no armour, stealthy swim, amphibious, 8 rings, constrict 8, camouflage
1, gelatinous body 1
a: Bend Time, Renounce Religion


You were on level 8 of the Dungeon.
You worshipped Cheibriados.
Cheibriados was noncommittal.
You were not hungry.

You visited 2 branches of the dungeon, and saw 10 of its levels.

You collected 383 gold pieces.

Inventory:

Hand Weapons
 d - a +0 club
 f - a +0 mace
 i - a +0 dagger (weapon)
 p - a +4 whip
 G - a +2 dagger of holy wrath
Missiles
 g - 225 stones (quivered)
Armour
 a - a +0 hat (worn)
Jewellery
 k - a ring of magical power (left tentacle)
 B - an amulet of regeneration (around mantle)
 E - a ring of see invisible (on tentacle)
Wands
 c - a wand of clouds (5/9)
 q - a wand of random effects (36/48)
 u - a wand of digging (23/24)
 D - a wand of confusion (27/48)
 I - a wand of digging (16/24)
Scrolls
 h - 9 scrolls of remove curse
 o - 2 scrolls of teleportation
 x - 4 scrolls of identify
 y - 3 scrolls of immolation
 z - 2 scrolls of magic mapping {unknown}
 A - 2 scrolls of recharging
Potions
 s - 2 potions of lignification
 t - a potion of flight {unknown}
Books
 b - a book of Minor Magic

   Spells                             Type                      Level
   a - Magic Dart                     Conjuration                  1
   b - Blink                          Translocation                2
   c - Call Imp                       Summoning                    2
   d - Slow                           Hexes                        2
   e - Conjure Flame                  Conjuration/Fire             3
   f - Mephitic Cloud                 Conjuration/Poison/Air       3
 l - a book of Changes

   Spells                             Type                      Level
   a - Beastly Appendage              Transmutation                1
   b - Sticks to Snakes               Transmutation                2
   c - Spider Form                    Transmutation/Poison         3
   d - Ice Form                       Ice/Transmutation            4
   e - Blade Hands                    Transmutation                5
 v - a book of Necromancy

   Spells                             Type                      Level
   a - Pain                           Necromancy                   1
   b - Animate Skeleton               Necromancy                   1
   c - Vampiric Draining              Necromancy                   3
   d - Regeneration                   Charms/Necromancy            3
   e - Animate Dead                   Necromancy                   4
   f - Control Undead                 Necromancy                   4
 F - a book of Air

   Spells                             Type                      Level
   a - Shock                          Conjuration/Air              1
   b - Swiftness                      Charms/Air                   2
   c - Static Discharge               Conjuration/Air              3
   d - Airstrike                      Air                          4
   e - Lightning Bolt                 Conjuration/Air              5
Comestibles
 j - 2 chunks of flesh
 n - a royal jelly
 w - a meat ration
 H - a fruit


   Skills:
 - Level 5.1 Fighting
 - Level 4.2 Short Blades
 + Level 4.6 Dodging
 - Level 9.5 Stealth
 + Level 2.7 Unarmed Combat
 - Level 6.4 Spellcasting
 - Level 2.4 Conjurations
 - Level 2.2 Summonings
 - Level 1.0 Translocations
 + Level 2.6 Transmutations


You had 3 spell levels left.
You knew the following spells:

 Your Spells              Type           Power        Failure   Level  Hunger
a - Magic Dart            Conj           ###.         3%          1    None
b - Call Imp              Summ           ###.....     4%          2    None
c - Blink                 Tloc           N/A          9%          2    None
d - Slow                  Hex            #.......     12%         2    None
e - Conjure Flame         Conj/Fire      ##......     16%         3    #......
f - Mephitic Cloud        Conj/Pois/Air  ##......     19%         3    #......
g - Animate Skeleton      Necr           N/A          9%          1    None
h - Spider Form           Tmut/Pois      ##........   14%         3    #......


Dungeon Overview and Level Annotations

Branches:
Dungeon (9/15)             Temple (1/1) D:4            Lair (0/6) D:8
    Orc: D:9-12

Altars:
Ashenzari
Cheibriados
Dithmenos
Elyvilon
Fedhas
Hepliaklqana
Makhleb
Nemelex Xobeh
Qazlal
Ru
Sif Muna
Trog
Wu Jian
Xom
Yredelemnul
The Shining One

Shops:
D:7 ?


Innate Abilities, Weirdness & Mutations

You cannot wear most types of armour.
You are very stealthy in the water. (Stealth+)
You are amphibious.
You can wear up to eight rings at the same time.
You can use your tentacles to constrict eight enemies at once.
Your skin changes colour to match your surroundings (Stealth+).
Your rubbery body absorbs attacks. (AC +1, EV +1)


Message History

Your crimson imp hits the basilisk but does no damage.
Your crimson imp barely misses the basilisk.
Unknown command.
Your crimson imp blinks!
Casting: Call Imp
Confirm with . or Enter, or press ? or * to list all spells.
Aiming: Magic Dart
Press: ? - help, Shift-Dir - straight line, f - basilisk
Aim: a basilisk (severely wounded)
The magic dart hits the basilisk.
The basilisk is severely wounded.
Casting: Magic Dart
Confirm with . or Enter, or press ? or * to list all spells.
Aiming: Magic Dart
Press: ? - help, Shift-Dir - straight line, f/p - basilisk
Aim: a basilisk (severely wounded)
The magic dart hits the basilisk.
The basilisk is almost dead.
The basilisk bites you!!
You die...

#.....###'####.##
######......##..#
#######......##..##
#>...........'....# %
#.....5......##.#+#
...###......).....##..!
.....'....ยง.5..#####.?...
.####..5(l.##.# #.. ...
##......@##.# ..
##...###.....# o
##.....##.....#
#....P..##....#
#.......##....#
#..........#....#
#..........#....#
#.....>.........#
##..............#


You could see a basilisk, 2 friendly crimson imps and a friendly shadow imp
(petrified).

Vanquished Creatures
  An elephant (D:8)
  A yak (D:8)
  A wyvern (D:6)
  Menkaure (D:4)
  3 orc warriors
  4 ogres
  3 phantoms
  A bullfrog (D:8)
  A scorpion (D:6)
  A wight (D:7)
  A howler monkey (D:5)
  A bullfrog zombie (D:5)
  A crimson imp (D:7)
  Crazy Yiuf (D:4)
  An orc priest (D:8)
  2 hounds
  7 orc wizards
  Ijyb (D:8)
  An iguana (D:6)
  3 worker ants
  A hound zombie (D:6)
  A hound skeleton (D:6)
  7 adders
  A shadow imp (D:6)
  2 worms (D:2)
  5 leopard geckos
  23 orcs
  2 ball pythons
  5 giant cockroaches
  6 goblins
  6 hobgoblins
  3 jackals
  A quokka (D:2)
  4 bats
  7 frilled lizards
  10 kobolds
  A leopard gecko zombie (D:5)
  A quokka zombie (D:3)
  7 rats
129 creatures vanquished.

Vanquished Creatures (collateral kills)
  2 sky beasts (D:6)
  An ice beast (D:6)
  An ogre (D:6)
  A bullfrog (D:7)
  A scorpion (D:3)
  2 wights (D:7)
  A crimson imp (D:7)
  A quasit (D:7)
  A hound (D:7)
  2 orc priests (D:7)
  Natasha (thrice) (D:3)
  2 orc wizards (D:3)
  3 worker ants
  A worker ant zombie (D:6)
  Robin (D:4)
  3 gnolls (D:3)
  3 adders
  An ooze (D:5)
  An adder skeleton (D:6)
  5 worms
  A leopard gecko (D:4)
  9 orcs
  2 giant cockroaches
  8 goblins
  6 hobgoblins
  A jackal (D:6)
  A leopard gecko zombie (D:7)
  A plant (D:4)
65 creatures vanquished.

Grand Total: 194 creatures vanquished

Notes
Turn   | Place    | Note
-------+----------+-------------------------------------------
     0 | D:1      | undad the Octopode Wizard began the quest for the Orb.
     0 | D:1      | Reached XP level 1. HP: 11/11 MP: 4/4
   412 | D:1      | Reached skill level 3 in Stealth
   508 | D:1      | Reached XP level 2. HP: 17/17 MP: 4/6
   512 | D:1      | Learned a level 2 spell: Call Imp
   515 | D:1      | Learned a level 2 spell: Blink
   518 | D:1      | Learned a level 2 spell: Slow
  1082 | D:1      | Reached XP level 3. HP: 21/21 MP: 3/7
  2160 | D:2      | Reached skill level 4 in Stealth
  2238 | D:2      | Reached XP level 4. HP: 27/27 MP: 9/9
  3116 | D:3      | Found a sparkling altar of Nemelex Xobeh.
  3385 | D:3      | Noticed Natasha
  3399 | D:3      | Killed Natasha
  3399 | D:3      | Reached skill level 5 in Stealth
  3399 | D:3      | Reached XP level 5. HP: 23/31 MP: 10/10
  3493 | D:3      | Learned a level 3 spell: Conjure Flame
  3562 | D:3      | Noticed Natasha
  3567 | D:3      | Killed Natasha
  3666 | D:3      | Noticed Natasha
  3673 | D:3      | Killed Natasha
  3932 | D:3      | Reached XP level 6. HP: 36/36 MP: 12/12
  4160 | D:4      | Noticed Menkaure
  4273 | D:4      | Killed Menkaure
  4273 | D:4      | Reached skill level 1 in Fighting
  4273 | D:4      | Reached skill level 6 in Stealth
  4322 | D:4      | Noticed Robin
  4339 | D:4      | Killed Robin
  4339 | D:4      | Reached skill level 1 in Short Blades
  4464 | D:4      | Found a staircase to the Ecumenical Temple.
  4471 | Temple   | Entered the Ecumenical Temple
  4824 | D:4      | Found a runed door.
  4930 | D:4      | Reached XP level 7. HP: 43/43 MP: 6/13
  5346 | D:5      | Entered Level 5 of the Dungeon
  5499 | D:5      | Noticed Ijyb
  5945 | D:5      | Reached skill level 7 in Stealth
  5968 | D:5      | Learned a level 3 spell: Mephitic Cloud
  6317 | D:5      | Learned a level 1 spell: Animate Skeleton
  6524 | D:5      | Reached skill level 5 in Spellcasting
  6937 | D:6      | Found a white marble altar of Elyvilon.
  6951 | D:6      | Reached XP level 8. HP: 52/52 MP: 15/15
  7184 | D:6      | Noticed a wyvern
  7188 | D:6      | Killed a wyvern
  7644 | D:6      | Reached skill level 8 in Stealth
  8002 | D:6      | Found a shimmering altar of Xom.
  9635 | D:7      | Found Cutiyrorch's Magic Scroll Boutique.
 10093 | D:7      | Learned a level 3 spell: Spider Form
 10198 | D:7      | Reached XP level 9. HP: 37/59 MP: 18/18
 10211 | D:7      | Reached skill level 9 in Stealth
 11301 | D:8      | Found a staircase to the Lair.
 11302 | D:8      | Noticed an elephant
 11930 | D:6      | Reached skill level 5 in Fighting
 12548 | D:4      | Noticed Crazy Yiuf
 12561 | D:4      | Killed Crazy Yiuf
 12953 | Temple   | Became a worshipper of Cheibriados the Contemplative
 13336 | D:8      | Killed an elephant
 13674 | D:8      | Killed Ijyb
 13684 | D:8      | Slain by a basilisk

Vault maps used:
D:1:      dpeg_arrival_lava_temple_mockup
D:2:      first_bread
D:3:      minmay_misc_feat_rows, nemelex_xobeh_ov_fountains_minmay, uniq_natasha
D:4:      temple_statues, serial_bayou_lake_a, uniq_crazy_yiuf_cottage,
          uniq_menkaure, uniq_robin
D:5:      uniq_ijyb
D:6:      xom_teletrap_fun, nicolae_overflow_crystal_walls
D:7:      serial_shops, nicolae_shop_trees
D:8:      lemuel_crystal_altar, david_lair_generic, grunt_ogre_cave,
          kennysheep_generic_room_8, uniq_joseph
D:9:      minitemple, uniq_psyche, uniq_pikel
Temple:   zaba_magenta_temple

Skill      XL: |  1  2  3  4  5  6  7  8  9 |
---------------+----------------------------+-----
Stealth        | 3 4 5 6 7 8 9 |  9.5
Conjurations   | 2 |  2.4
Spellcasting   | 4 5 6 |  6.4
Summonings     | 2 |  2.2
Fighting       | 1 3 4 5 |  5.1
Short Blades   | 1 3 4 |  4.2
Dodging        | 4 |  4.6
Unarmed Combat | 2 |  2.7
Transmutations | 2 |  2.6
Translocations | |  1.0

Action                   |  1- 3 |  4- 6 |  7- 9 || total
-------------------------+-------+-------+-------++-------
Melee: Club              |    14 |       |       ||    14
       Constrict         |    11 |     7 |    41 ||    59
       Mace              |     5 |       |       ||     5
       Tentacles         |     6 |     3 |    19 ||    28
       Dagger            |    26 |    38 |   232 ||   296
       Unarmed           |       |       |     9 ||     9
 Cast: Magic Dart        |    71 |    39 |   197 ||   307
       Call Imp          |     5 |    61 |   134 ||   200
       Conjure Flame     |       |     1 |     7 ||     8
       Blink             |       |       |    11 ||    11
       Mephitic Cloud    |       |       |     5 ||     5
       Spider Form       |       |       |     3 ||     3
  Use: Scroll            |     1 |     1 |    11 ||    13
       Potion            |       |     1 |     5 ||     6
 Stab: Sleeping          |     4 |     8 |     7 ||    19
       Confused          |       |       |     5 ||     5
       Distracted        |       |       |     2 ||     2
  Eat: Chunk             |     4 |     7 |    11 ||    22
       Bread ration      |       |     1 |     3 ||     4
       Royal jelly       |       |       |     1 ||     1
Armor: Skin              |     3 |    11 |    11 ||    25
Dodge: Dodged            |    43 |    20 |   153 ||   216

Table legend:
 A = Spawn XP
 B = Non-spawn XP
 C = Spawn XP percentage of total XP
 D = Spawn monster count
 E = Non-spawn monster count
 F = Spawn count percentage of total count
 G = Total turns spent on level
                    A         B        C        D         E        F      G
               +---------+---------+-------+---------+---------+-------+---------
         Total |     641 |    3528 |  15.4 |      42 |     151 |  21.8 | 13684
               +---------+---------+-------+---------+---------+-------+---------
           D:1 |       8 |      42 |  16.0 |       6 |      24 |  20.0 |  1629
           D:2 |      11 |      84 |  11.6 |       6 |      20 |  23.1 |  1345
           D:3 |      91 |      99 |  47.9 |       6 |      18 |  25.0 |  1301
           D:4 |      13 |     463 |   2.7 |       1 |      21 |   4.5 |  1400
           D:5 |     122 |     315 |  27.9 |      12 |      11 |  52.2 |  1501
           D:6 |     235 |     940 |  20.0 |       5 |      23 |  17.9 |  2981
           D:7 |     126 |     350 |  26.5 |       4 |      23 |  14.8 |  2226
           D:8 |      35 |    1235 |   2.8 |       2 |      11 |  15.4 |   994
               +---------+---------+-------+---------+---------+-------+---------
